 Seeded DCSS version 0.27.1-36-g1b1ada6b1e (webtiles) character file.

Game seed: 8840528127268114696 (custom seed)

2009 tkbsonic5 the Skirmisher (level 9, -1/99 HPs)
             Began as a Djinni Air Elementalist on Feb 13, 2023.
             Was a Believer of Ru.
             Slain by a 13-headed hydra (14 damage)
             ... on level 7 of the Dungeon.
             The game lasted 00:19:14 (4625 turns).

tkbsonic5 the Skirmisher (Djinni Air Elementalist)  Turns: 4625, Time: 00:19:15

Health: -1/99      AC:  9    Str:  9    XL:     9   Next: 46%
Gold:   294        EV: 12    Int: 21    God:    Ru [**....] SH:  0 Dex: 16

rFire    + + .     SeeInvis .   c - +8 demon blade "Leech" {vamp, *Rage +Rage rN+}
rCold    x . .     Faith    .   (no shield)
rNeg     + + .     Spirit   .   i - +0 ring mail {rPois}
rPois    ∞         Reflect  .   D - +0 helmet
rElec    .         Harm     .   d - +2 ratskin cloak {*Rats rPois rN+ Str-1 Int-1 Dex+1}
rCorr    .         Rampage  .   (no gloves)
Will     .....     Rnd*Rage +   (boots unavailable)
Stlth    ..........             (no amulet)
HPRegen  0.26/turn              b - ring of wizardry
MPRegen  0.00/turn              e - +6 ring of intelligence

@: berserking (expiring), flying, very quick
A: sickness immunity, fire resistance 2, cold vulnerability 1, hated by all,
float, innate caster, hp casting, extra vitality 1
a: Renounce Religion, Evoke Berserk Rage


You were on level 7 of the Dungeon.
You worshipped Ru.
Ru was pleased with you.
You visited 1 branch of the dungeon, and saw 7 of its levels.

You collected 294 gold pieces.

Inventory:

Hand Weapons
 c - the +8 demon blade "Leech" (weapon) {vamp, *Rage +Rage rN+}
   (You acquired it on level 1 of the Dungeon)

   It heals its wielder for a portion of the damage dealt every time it strikes
   a living foe.
   rN:        It protects you from negative energy.
   +Rage:     It lets you go berserk.
   *Rage:     It may make you go berserk in combat.
 q - a +2 trident of venom
 r - a +2 flail of protection
 w - the +7 whip "Futweuq" {elec, rElec}
   (You found it on level 4 of the Dungeon)

   It occasionally discharges a powerful burst of electricity upon striking a
   foe.
   rElec:     It insulates you from electricity.
 E - a +1 whip of electrocution
Missiles
 l - 14 boomerangs
 p - 18 poisoned darts
 s - 2 atropa-tipped darts (quivered)
Armour
 a - a +0 robe
 d - the +2 ratskin cloak (worn) {*Rats rPois rN+ Str-1 Int-1 Dex+1}
   (You acquired it on level 1 of the Dungeon)

   When the wearer is hurt, rats may emerge from it to assist them.
   Str:       It affects your strength (-1).
   Int:       It affects your intelligence (-1).
   Dex:       It affects your dexterity (+1).
   rPois:     It protects you from poison.
   rN:        It protects you from negative energy.
 i - a +0 ring mail of poison resistance (worn)
 m - a +0 plate armour
 t - a +0 helmet
 y - a +0 plate armour
 C - a +0 leather armour
 D - a +0 helmet (worn)
Magical Staves
 n - a staff of fire
Jewellery
 b - a ring of wizardry (left hand)
 e - a +6 ring of intelligence (right hand)
 f - a ring of positive energy
 j - a ring of see invisible
 B - a ring of fire
Scrolls
 h - a scroll of magic mapping
 x - 2 scrolls of fear
Potions
 g - 3 potions of curing
 k - a potion of might
 o - a potion of heal wounds
 u - a potion of haste {unknown}
 z - a potion of invisibility


   Skills:
 * Level 6.3 Fighting
 * Level 5.8 Long Blades
 * Level 5.0 Dodging
 - Level 1.5 Stealth
 * Level 5.2 Spellcasting


You couldn't memorise any spells.
You knew the following spells:

 Your Spells              Type           Power      Damage    Failure   Level
a - Shock                 Conj/Air       100%       1d9       1%          1
b - Static Discharge      Conj/Air       27%        N/A       2%          2
c - Swiftness             Air            27%        N/A       4%          3
d - Airstrike             Air            13%        N/A       14%         4
e - Summon Small Mammal   Summ           100%       N/A       1%          1
f - Passwall              Tmut/Erth      22%        N/A       2%          2
g - Inner Flame           Hex/Fire       27%        N/A       4%          3
h - Iskenderun's Mystic   Conj/Tloc      27%        2d7       14%         4
Your spell library was empty.

Dungeon Overview and Level Annotations

Branches:
Dungeon (7/15)             Temple (0/1) D:6

Altars:
Dithmenos
Qazlal
Ru
Zin


Innate Abilities, Weirdness & Mutations

You are immune to sickness and miasma.
You are immune to poison.
Your flesh is very heat resistant. (rF++)
You are vulnerable to cold. (rC-)
You are hated by all.
You float through the air rather than walking.
You learn spells naturally, not from books.
Your magical power is your life essence.
You have superior vitality. (+4 HP)


Message History

The ten-headed hydra is moderately wounded.
The ten-headed hydra bites you but does no damage.
The ten-headed hydra closely misses you.
The ten-headed hydra barely misses you.
The ten-headed hydra bites you but does no damage.
The ten-headed hydra bites you.
The ten-headed hydra completely misses you.
The ten-headed hydra bites you.
The ten-headed hydra barely misses you. x2
The ten-headed hydra bites you.
You hack one of the ten-headed hydra's heads off!
The nine-headed hydra grows two more!
You slash the 11-headed hydra!
You feel better.
The 11-headed hydra is moderately wounded.
Unknown command.
You lop one of the 11-headed hydra's heads off!
The ten-headed hydra grows two more!
You slash the 12-headed hydra!
You feel better.
The 12-headed hydra is moderately wounded.
The 12-headed hydra bites you! x3; The 12-headed hydra misses you.
The 12-headed hydra bites you. The 12-headed hydra bites you! x2
The 12-headed hydra bites you.
The 12-headed hydra bites you but does no damage.
The 12-headed hydra barely misses you.
The 12-headed hydra bites you but does no damage.
The 12-headed hydra bites you!
* * * LOW HITPOINT WARNING * * *
You are too injured to fight recklessly!
Unknown command.
You are too injured to fight recklessly!
Unknown command.
You hack one of the 12-headed hydra's heads off!
The 11-headed hydra grows two more!
You slash the 13-headed hydra!
You feel better.
The 13-headed hydra is heavily wounded.
The 13-headed hydra bites you!
* * * LOW HITPOINT WARNING * * *
The 13-headed hydra bites you.
* * * LOW HITPOINT WARNING * * *
The 13-headed hydra barely misses you. The 13-headed hydra bites you!
You die...

#≈≈ ≈≈
## . #.
#.# #
#.D###.#
#..@<..#
#..###.#
$.... #
....>..
##.)...
...###.
### #.
..


You could see a 13-headed hydra.

Vanquished Creatures
  Pikel (D:5)
  A centaur zombie (D:6)
  Prince Ribbit (D:6)
  An orc warrior (D:5)
  A black bear (D:6)
  A phantom (D:3)
  2 lemures (D:5)
  A scorpion (D:4)
  A wyvern zombie (D:6)
  3 wights (D:6)
  A howler monkey (D:4)
  A bullfrog zombie (D:6)
  2 hounds (D:5)
  2 jellies
  6 orc priests
  2 bullfrog skeletons
  3 iguanas
  2 hound skeletons
  Robin (D:4)
  6 adders
  An ufetubus (D:4)
  An adder skeleton (D:4)
  2 worms
  3 dart slugs
  11 orcs
  5 bats
  4 endoplasms
  A giant cockroach (D:4)
  9 hobgoblins
  7 kobolds
  A quokka (D:2)
  7 ball pythons
  A frilled lizard (D:2)
  13 goblins
  4 rats
109 creatures vanquished.

Vanquished Creatures (collateral kills)
  A goblin (D:4)
  A hobgoblin (D:4)
2 creatures vanquished.

Grand Total: 111 creatures vanquished

Notes
Turn   | Place    | Note
-------+----------+-------------------------------------------
     0 | D:1      | tkbsonic5 the Djinni Air Elementalist began the quest for
                  | the Orb.
     0 | D:1      | Reached XP level 1. HP: 15/15 MP: 0/0
     3 | D:1      | Identified 3 scrolls of acquirement
     3 | D:1      | Acquired the +8 demon blade "Leech" {vamp, *Rage +Rage rN+}
     3 | D:1      | Found the +8 demon blade "Leech" {vamp, *Rage +Rage rN+}
     5 | D:1      | Acquired the +2 ratskin cloak {*Rats rPois rN+ Str-1 Int-1
                  | Dex+1}
     5 | D:1      | Found the +2 ratskin cloak {*Rats rPois rN+ Str-1 Int-1
                  | Dex+1}
     7 | D:1      | Acquired a ring of wizardry
   203 | D:1      | Reached XP level 2. HP: 20/22 MP: 0/0
   282 | D:1      | Reached skill level 1 in Fighting
   352 | D:1      | Reached skill level 1 in Long Blades
   380 | D:1      | Reached XP level 3. HP: 27/27 MP: 0/0
   380 | D:1      | Learned a level 1 spell: Summon Small Mammal
   613 | D:2      | Found a faded altar of an unknown god.
  1124 | D:3      | Reached XP level 4. HP: 33/33 MP: 0/0
  1171 | D:3      | Reached skill level 2 in Fighting
  1221 | D:3      | Reached XP level 5. HP: 38/38 MP: 0/0
  1221 | D:3      | Learned a level 2 spell: Passwall
  1310 | D:3      | Noticed a phantom
  1316 | D:3      | Killed a phantom
  1693 | D:4      | Noticed Robin
  1701 | D:4      | Reached XP level 6. HP: 45/45 MP: 0/0
  1709 | D:4      | Killed Robin
  1733 | D:4      | Reached skill level 3 in Fighting
  1748 | D:4      | Found a stormy altar of Qazlal.
  1816 | D:4      | Found a glowing silver altar of Zin.
  1816 | D:4      | Noticed an angel
  1889 | D:4      | Reached XP level 7. HP: 47/50 MP: 0/0
  1889 | D:4      | Learned a level 3 spell: Inner Flame
  2032 | D:4      | Identified the +7 whip "Futweuq" {elec, rElec}
  2426 | D:5      | Entered Level 5 of the Dungeon
  2639 | D:5      | Found a sacrificial altar of Ru.
  2716 | D:5      | Became a worshipper of Ru the Awakened
  2875 | D:5      | Noticed Pikel
  2886 | D:5      | Killed Pikel
  2887 | D:5      | Reached skill level 4 in Fighting
  2887 | D:5      | Reached XP level 8. HP: 27/58 MP: 0/0
  3117 | D:5      | Found a shadowy altar of Dithmenos.
  3420 | D:6      | Reached skill level 5 in Fighting
  3428 | D:6      | Reached skill level 5 in Long Blades
  3428 | D:6      | Reached XP level 9. HP: 12/66 MP: 0/0
  3428 | D:6      | Learned a level 4 spell: Iskenderun's Mystic Blast
  4144 | D:6      | Noticed Prince Ribbit
  4151 | D:6      | Killed Prince Ribbit
  4152 | D:6      | Reached skill level 6 in Fighting
  4152 | D:6      | Reached skill level 5 in Spellcasting
  4314 | D:5      | Reached skill level 5 in Dodging
  4470 | D:6      | Found a staircase to the Ecumenical Temple.
  4480 | D:6      | Gained mutation: You are hated by all. [Ru sacrifice]
  4480 | D:6      | Reached * piety under Ru
  4480 | D:6      | Reached ** piety under Ru
  4618 | D:7      | Noticed a seven-headed hydra
  4625 | D:7      | Slain by a 13-headed hydra

Illustrated notes

Levels and vault maps discovered:
D:1:      minmay_arrival_semitransparent, layout_basic
D:2:      layout_rooms, chequers_ecumenical_altar_simple_redux,
          minmay_liquid_box
D:3:      layout_rooms, chequers_serial_rivers_small_3, guppyfry_early_lair_pool
D:4:      layout_basic, grunt_qazlal_clouds, zin_angel,
          kennysheep_generic_room_3, uniq_robin
D:5:      layout_loops_ring, mainiacjoe_overflow_alcove_1, hangedman_ru_absence,
          uniq_pikel
D:6:      layout_cave_pools, minmay_temple_entry_waves, uniq_prince_ribbit1
D:7:      minmay_blocky_corners, layout_rooms, fiery_altar_vehumet,
          nicolae_ossuary_entry_catacombs, serial_aquarium,
          aquarium_bridge_square [aquarium_subvault_window,
          aquarium_subvault_bridge, aquarium_subvault_bridge,
          aquarium_subvault_wall], aquarium_bridge_long_separate
          [aquarium_subvault_bridge, aquarium_subvault_wall,
          aquarium_subvault_bridge, aquarium_subvault_bridge,
          aquarium_subvault_window, aquarium_subvault_bridge],
          aquarium_window_1, aquarium_window_1, aquarium_window_3,
          aquarium_view_2c, minmay_misc_feat_columns, minmay_misc_feat_enclosed,
          serial_bayou_ford_a, uniq_menkaure

Skill      XL: |  1  2  3  4  5  6  7  8  9 |
---------------+----------------------------+-----
Fighting       | 1 2 3 4 5 6 |  6.3
Long Blades    | 1 2 3 4 5 |  5.8
Spellcasting   | 3 4 5 |  5.2
Dodging        | 4 5 |  5.0
Stealth        | |  1.5

Action                   |  1- 3 |  4- 6 |  7- 9 || total
-------------------------+-------+-------+-------++-------
Melee: Demon blade       |    46 |    63 |    88 ||   197
Throw: Dart              |       |       |     6 ||     6
 Cast: Shock             |     8 |       |       ||     8
       Swiftness         |     1 |     5 |     1 ||     7
       Summon Small Mamm |       |     1 |     3 ||     4
       Airstrike         |       |       |     4 ||     4
Invok: Sacrifice Love    |       |       |     1 ||     1
 Abil: Evoke Berserk Rag |       |       |     2 ||     2
Evoke: Wand              |       |       |    11 ||    11
  Use: Scroll            |     6 |       |     7 ||    13
       Potion            |       |       |     6 ||     6
 Stab: Sleeping          |     2 |     1 |     1 ||     4
Armor: Robe              |    16 |    15 |     4 ||    35
       Leather armour    |       |       |    29 ||    29
       Ring mail         |       |       |    11 ||    11
Dodge: Dodged            |    27 |    41 |    70 ||   138
       Rpst.: Demon blade |     6 |    13 |    17 ||    36
